 Dungeon Crawl Stone Soup version 0.20-a0-870-g4070442 (console) character file.

151 hittembot the Skirmisher (level 5, -10/47 HPs)
             Began as a Minotaur Fighter on Mar 13, 2017.
             Mangled by a gnoll
             ... wielding a +0 halberd
              (15 damage)
             ... on level 3 of the Dungeon.
             The game lasted 00:01:03 (1320 turns).

hittembot the Skirmisher (Minotaur Fighter)         Turns: 1320, Time: 00:01:03

Health: -10/47     AC:  7    Str: 21    XL:     5   Next: 10%
Magic:  4/4        EV:  7    Int:  5    God:
Gold:   114        SH:  9    Dex: 10    Spells: 4/4 levels left

rFire    . . .     SeeInvis .   a - +0 war axe
rCold    . . .     Gourm    .   b - +0 scale mail
rNeg     . . .     Faith    .   c - +0 shield
rPois    .         Spirit   .   (helmet restricted)
rElec    .         Reflect  .   (no cloak)
rCorr    .         Harm     .   (no gloves)
MR       .....                  (no boots)
Stlth    ..........             (no amulet)
Regen    0.2/turn               (no ring)
MPRegen  0.1/turn               (no ring)

@: no status effects
A: retaliatory headbutt, horns 2
a: no special abilities


You were on level 3 of the Dungeon.
You were hungry.

You visited 1 branch of the dungeon, and saw 3 of its levels.

You collected 114 gold pieces.

Inventory:

Hand Weapons
 a - a +0 war axe (weapon)
Armour
 b - a +0 scale mail (worn)
 c - a +0 shield (worn)
Jewellery
 j - an uncursed ring of ice {unknown}
 r - a +3 ring of protection {unknown}
Scrolls
 e - a scroll of enchant armour {unknown}
 g - a scroll of amnesia {unknown}
 i - a scroll of enchant weapon {unknown}
 k - 4 scrolls of identify {unknown}
 q - a scroll of teleportation {unknown}
 s - 2 scrolls of remove curse {unknown}
 u - a scroll of random uselessness {unknown}
Potions
 d - 2 potions of might
 l - a potion of invisibility {unknown}
 m - a potion of agility {unknown}
 n - a potion of magic {unknown}
 o - a potion of degeneration {unknown}
 p - 2 potions of curing {unknown}
 v - a potion of lignification {unknown}
Books
 y - a book of Minor Magic

   Spells                             Type                      Level
   a - Magic Dart                     Conjuration                  1
   b - Blink                          Translocation                2
   c - Call Imp                       Summoning                    2
   d - Slow                           Hexes                        2
   e - Conjure Flame                  Conjuration/Fire             3
   f - Mephitic Cloud                 Conjuration/Poison/Air       3
Comestibles
 f - 5 bread rations
 h - 2 meat rations
 t - a royal jelly
 w - 5 fruits
 x - 4 chunks of flesh


   Skills:
 + Level 4.7 Fighting
 + Level 4.3 Axes
 + Level 4.3 Armour
 + Level 0.2 Dodging
 + Level 0.1 Stealth
 + Level 4.3 Shields


You had 4 spell levels left.
You didn't know any spells.

Dungeon Overview and Level Annotations

Branches:
Dungeon (3/15)

Altars:
Fedhas
Kikubaaqudgha
Xom


Innate Abilities, Weirdness & Mutations

You reflexively headbutt those who attack you in melee.
You have a pair of horns on your head.


Message History

You kill the gnoll!
You have reached level 5!
You closely miss the orc. The gnoll hits you with a whip.
* * * LOW HITPOINT WARNING * * *
The orc hits you but does no damage. You block the gnoll's attack.
The gnoll hits you with a whip.
* * * LOW HITPOINT WARNING * * *
Unknown command.
Your scale mail prevents you from hitting the gnoll.
You headbutt the gnoll.
You kill the gnoll!
You closely miss the orc.
You are feeling hungry.
The orc barely misses you. You block the gnoll's attack.
You closely miss the orc. The orc hits you but does no damage.
You block the gnoll's attack.
You slash the orc!
You kill the orc!
The gnoll hits you from afar with a halberd!
You die...

####.#.#.### #...#
#.#.#.# #####...#
#.#.#.# #.......#
#.#.#.# #.###..##
#...#.# #. #..#
#.##...####.###..#
... .#........#..#
### . .#....).#..#
......)@...#
#....g))#.##
#.#...<.#.#
#...###># ###. ..#
.. .## .# . ..


You could see a gnoll.

Vanquished Creatures
  2 orc priests (D:3)
  3 gnolls (D:3)
  A worm (D:2)
  2 dart slugs (D:1)
  A leopard gecko (D:3)
  3 orcs (D:3)
  4 giant cockroaches
  3 goblins
  6 hobgoblins
  3 jackals (D:1)
  A ball python (D:2)
  5 bats
  5 frilled lizards
  7 kobolds
  10 rats
56 creatures vanquished.

Notes
Turn   | Place    | Note
-------+----------+-------------------------------------------
     0 | D:1      | hittembot the Minotaur Fighter began the quest for the Orb.
     0 | D:1      | Reached XP level 1. HP: 19/19 MP: 0/0
   118 | D:1      | Reached XP level 2. HP: 23/27 MP: 1/1
   229 | D:1      | You fall through a shaft!
   294 | D:2      | Reached XP level 3. HP: 33/33 MP: 2/2
   689 | D:3      | Found an ancient bone altar of Kikubaaqudgha.
   689 | D:3      | Found a blossoming altar of Fedhas.
   715 | D:3      | Reached XP level 4. HP: 41/41 MP: 3/3
  1028 | D:3      | Found a shimmering altar of Xom.
  1317 | D:3      | Reached XP level 5. HP: 10/47 MP: 4/4
  1320 | D:3      | Mangled by a gnoll

Vault maps used:
D:1:      nicolae_arrival_memento_mori, minivault_11
D:2:      nicolae_overflow_hidden_temple, first_bread, hangedman_feature_mirror
D:3:      grunt_temple_overflow_growth_and_decay, okawaru_trees_2,
          xom_teletrap_fun, uniq_crazy_yiuf_cottage

Skill      XL: |  1  2  3  4 |
---------------+-------------+-----
Fighting       | 4 |  4.7
Armour         | 4 |  4.3
Axes           | 3 4 |  4.3
Shields        | 4 |  4.3
Dodging        | |  0.2
Stealth        | |  0.1

Action                   |  1- 3 |  4- 6 || total
-------------------------+-------+-------++-------
Melee: War axe           |    67 |    40 ||   107
       Headbutt          |    14 |     5 ||    19
  Eat: Chunk             |       |     1 ||     1
Armor: Scale mail        |    24 |     8 ||    32
Dodge: Dodged            |    20 |    13 ||    33
Block: Shield            |    41 |    17 ||    58
